 Dungeon Crawl Stone Soup version 0.23.1 (webtiles) character file.

Game seed: 15453951652717935126

69367 Peloso the Peltast (level 14, -6/129 HPs)
             Began as a Minotaur Fighter on Mar 12, 2019.
             Was the Champion of Okawaru.
             Killed from afar by Azrael (13 damage)
             ... with a bolt of fire
             ... on level 12 of the Dungeon.
             The game lasted 01:12:27 (20679 turns).

Peloso the Peltast (Minotaur Fighter)              Turns: 20679, Time: 01:12:28

Health: -6/129     AC: 27    Str: 28    XL:     14   Next: 90%
Magic:  15/15      EV: 14    Int:  5    God:    Okawaru [******]
Gold:   1290       SH: 14    Dex: 16    Spells: 13/13 levels left

rFire    x . .     SeeInvis .   a - +7 long sword of Bile {slice, rPois MR+ Str+2}
rCold    + . .     Gourm    .   x - +2 buckler {reflect}
rNeg     . . .     Faith    .   q - +2 plate armour {MR+}
rPois    +         Spirit   .   (helmet restricted)
rElec    .         Reflect  +   L - +2 cloak
rCorr    .         Harm     .   C - +0 pair of gloves
MR       +++..                  J - +2 pair of boots
Stlth    ..........             c - +3 amulet of reflection
HPRegen  0.31/turn              U - ring of Fadiedwuonu {+Inv rF- rC+ EV+3 Str+2}
MPRegen  0.14/turn              A - +4 ring of dexterity

@: no status effects
A: retaliatory headbutt, horns 2
a: Heroism, Finesse, Renounce Religion, Evoke Invisibility


You were on level 12 of the Dungeon.
You worshipped Okawaru.
Okawaru was exalted by your worship.
You were hungry.

You visited 3 branches of the dungeon, and saw 20 of its levels.
You also visited: Bailey, Gauntlet and Ice Cave.

You collected 1378 gold pieces.
You spent 88 gold pieces at shops.

Inventory:

Hand Weapons
 a - the +7 long sword of Bile (weapon) {slice, rPois MR+ Str+2}
   (You found it on level 9 of the Dungeon)

   It inflicts extra damage upon your enemies.
   It affects your strength (+2).
   It protects you from poison.
   It affects your resistance to hostile enchantments.
 r - a +1 scimitar of flaming
 t - a +5 double sword
Armour
 q - a +2 plate armour of magic resistance (worn)
 x - a +2 buckler of reflection (worn)
 C - a +0 pair of gloves (worn)
 J - a +2 pair of boots (worn)
 L - a +2 cloak (worn)
Jewellery
 c - a +3 amulet of reflection (around neck)
 e - an uncursed ring of fire {unknown}
 m - an uncursed amulet of regeneration
 z - an uncursed ring of resist corrosion
 A - a +4 ring of dexterity (right hand)
 S - an uncursed ring of flight
 U - the ring of Fadiedwuonu (left hand) {+Inv rF- rC+ EV+3 Str+2}
   (You found it in a Gauntlet)

   [ring of evasion]

   It affects your evasion (+3).
   It affects your strength (+2).
   It makes you vulnerable to fire.
   It protects you from cold.
   It lets you turn invisible.
Wands
 X - a wand of digging (3)
Scrolls
 g - 4 scrolls of fear
 i - a scroll of enchant armour
 l - 9 scrolls of teleportation
 n - 4 scrolls of noise
 B - 6 scrolls of remove curse
 Q - a scroll of blinking
 V - 2 scrolls of magic mapping
 W - a scroll of silence {unknown}
 Z - a scroll of acquirement {unknown}
Potions
 d - 7 potions of might
 h - 14 potions of curing
 o - 3 potions of agility
 s - a potion of flight
 u - 3 potions of invisibility
 D - 8 potions of haste
 E - a potion of experience
 H - 3 potions of heal wounds
 K - a potion of lignification {unknown}
 M - 3 potions of magic {unknown}
 O - 3 potions of berserk rage {unknown}
Comestibles
 f - 31 rations


   Skills:
 + Level 13.3 Fighting
 + Level 16.2 Long Blades
 + Level 13.7 Armour
 + Level 5.8 Dodging
 + Level 2.2 Stealth
 + Level 16.8 Shields
 + Level 3.6 Invocations
 + Level 0.3 Evocations


You had 13 spell levels left.
You didn't know any spells.
Your spell library contained the following spells:

 Spells                   Type           Power        Failure   Level  Hunger
 Beastly Appendage        Tmut           #.....       98%         1    ##.....
 Confusing Touch          Hex            #.....       98%         1    ##.....
 Corona                   Hex            #......      98%         1    ##.....
 Slow                     Hex            #.......     99%         2    ###....
 Sticks to Snakes         Tmut           #.......     99%         2    ###....
 Confuse                  Hex            #.......     100%        3    ####...
 Gell's Gravitas          Tloc           #.........   100%        3    ####...
 Inner Flame              Hex/Fire       #.......     100%        3    ####...
 Mephitic Cloud           Conj/Pois/Air  #.......     100%        3    ####...
 Portal Projectile        Hex/Tloc       #.....       100%        3    ####...
 Spider Form              Tmut/Pois      #.........   100%        3    ####...
 Cause Fear               Hex            #.........   100%        4    #####..
 Ice Form                 Ice/Tmut       #.......     100%        4    #####..
 Leda's Liquefaction      Hex/Erth       #.........   100%        4    #####..
 Petrify                  Tmut/Erth      #.......     100%        4    #####..
 Blade Hands              Tmut           #.........   100%        5    ######.
 Irradiate                Conj/Tmut      #.........   100%        5    ######.
 Metabolic Englaciation   Hex/Ice        #.........   100%        5    ######.
 Venom Bolt               Conj/Pois      #.........   100%        5    ######.
 Yara's Violent Unravell  Hex/Tmut       #.........   100%        5    ######.
 Hydra Form               Tmut           #.........   100%        6    #######
 Statue Form              Tmut/Erth      #........    100%        6    #######
 Dragon Form              Tmut           #.........   100%        7    #######


Dungeon Overview and Level Annotations

Branches:
Dungeon (13/15)            Temple (1/1) D:4            Lair (6/6) D:8
  Swamp (0/4) Lair:3        Snake (0/4) Lair:4        Slime (0/5) Lair:6
    Orc (0/2) D:11
 Vaults: D:13-14

Altars:
Ashenzari
Cheibriados
Dithmenos
Elyvilon
Fedhas
Gozag
Hepliaklqana
Kikubaaqudgha
Makhleb
Nemelex Xobeh
Okawaru
Qazlal
Ru
Sif Muna
Trog
Uskayaw
Vehumet
Wu Jian
Xom
Yredelemnul
Zin
The Shining One
Beogh

Shops:
D:10 *

Annotations:
D:11 3 runed translucent doors, barcode's ghost, journeyman NaNe
D:12 Azrael


Innate Abilities, Weirdness & Mutations

You reflexively headbutt those who attack you in melee.
You have a pair of horns on your head.


Message History

Azrael is severely wounded.
Azrael hits you with a +3 scimitar of flaming!
* * * LOW HITPOINT WARNING * * *
Azrael burns you.
* * * LOW HITPOINT WARNING * * *
Unknown command.
You hit Azrael. You headbutt Azrael, but do no damage.
Azrael is almost dead.
You completely miss Azrael.
Azrael is almost dead.
Azrael howls in rage.
Azrael gestures at you.
The sphere of damnation explodes!
The damnation engulfs you!!
* * * LOW HITPOINT WARNING * * *
The damnation engulfs Azrael.
Azrael completely resists.
Your plate armour prevents you from hitting Azrael.
Azrael is almost dead.
Azrael gestures at you. The bolt of fire hits you! The fire burns you terribly!
You die...

#)........#.#.# #.#.##
##############.#.####
#.#.##
....................#
#.....
###############..##.#
###.## ............#
#..##.##########.#
.##########.#
#.............^#.# .#
#.# #..##.########.#.#
.# #.# ##R##.# #.#.#
.# #.# #@##.# #.#.# ##
#.#######.########.#.#
.#
#....................#
.#
#########.########.###
.# #.# #.# .#
#.########.# .#
#..........# .#
############ .#


You could see Azrael.

Vanquished Creatures
  The ghost of Thalamas the Severer, a journeyman MiBe of Trog (Lair:5)
  2 entropy weavers (Lair:4)
  A minotaur (Gauntlet)
  7 hydras
  A catoblepas (Lair:2)
  Erica (D:11)
  2 two-headed ogres
  A queen ant (Lair:4)
  3 death yaks (Lair:2)
  Urug (Lair:3)
  7 skeletal warriors
  2 large abominations (Gauntlet)
  3 orc knights (Bailey)
  A wolf spider (Gauntlet)
  3 ugly things
  A manticore (D:11)
  4 oklob plants (Lair:4)
  A moth of wrath (Gauntlet)
  2 cyclopes (D:11)
  4 elephants (Lair:6)
  3 ice statues (IceCv)
  A black mamba (Lair:3)
  Maurice (D:11)
  22 spiny frogs
  3 gargoyles
  A centaur skeleton (D:11)
  7 komodo dragons
  A rime drake (Lair:3)
  4 tyrant leeches (Lair:6)
  2 trolls
  The ghost of Jabberih the Grave Robber, an amateur DsNe (D:4)
  A hornet (D:12)
  A polar bear (Lair:6)
  24 blink frogs
  10 hippogriffs
  7 dream sheep (Lair:6)
  2 redbacks (Gauntlet)
  Sigmund (D:3)
  5 wyverns
  36 yaks
  A wraith (D:10)
  A steam dragon (D:8)
  A fire elemental (D:13)
  2 basilisks
  5 soldier ants (Lair:4)
  6 vampire mosquitoes (Lair:6)
  8 porcupines
  3 hell hounds (D:12)
  17 water moccasins
  9 ice beasts
  2 sky beasts
  4 black bears
  8 ogres
  16 orc warriors
  An eye of draining (D:11)
  3 phantoms
  5 centaurs
  2 necrophages
  13 crocodiles
  2 big kobolds (D:9)
  6 small abominations (Gauntlet)
  25 bullfrogs
  A wyvern zombie (D:8)
  10 scorpions
  3 killer bees (D:11)
  11 wights
  7 howler monkeys
  An electric eel (Lair:6)
  5 crimson imps
  A quasit (D:10)
  6 hounds
  13 jellies
  14 orc priests
  15 orc wizards
  6 iguanas
  16 worker ants
  A hound zombie (D:7)
  2 worker ant zombies
  4 gnolls (D:9)
  21 adders
  2 shadow imps
  4 oozes
  An adder zombie (D:5)
  An adder skeleton (D:4)
  3 worms
  A dart slug (D:1)
  6 leopard geckos
  88 orcs
  4 giant cockroaches
  5 goblins
  7 hobgoblins
  7 jackals
  24 kobolds
  2 quokkas
  5 ball pythons
  3 bats
  6 frilled lizards
  12 rats
  10 fungi
  18 plants
667 creatures vanquished.

Vanquished Creatures (others)
  14 fungi (Lair:6)
  28 plants
  10 withered plants (Gauntlet)
52 creatures vanquished.

Grand Total: 719 creatures vanquished

Notes
Turn   | Place    | Note
-------+----------+-------------------------------------------
     0 | D:1      | Peloso the Minotaur Fighter began the quest for the Orb.
     0 | D:1      | Reached XP level 1. HP: 19/19 MP: 0/0
    63 | D:1      | Reached XP level 2. HP: 26/27 MP: 1/1
   254 | D:1      | Reached XP level 3. HP: 33/33 MP: 2/2
   478 | D:2      | Found an opulent altar of Gozag.
  1218 | D:3      | Noticed a scorpion
  1222 | D:3      | Killed a scorpion
  1222 | D:3      | Reached skill level 1 in Dodging
  1222 | D:3      | Reached XP level 4. HP: 37/40 MP: 3/3
  1303 | D:3      | Reached XP level 5. HP: 13/47 MP: 4/4
  1338 | D:3      | Reached skill level 5 in Shields
  1885 | D:3      | Reached skill level 5 in Armour
  1896 | D:3      | Noticed Sigmund
  1908 | D:3      | Killed Sigmund
  1908 | D:3      | Reached XP level 6. HP: 33/53 MP: 5/5
  2119 | D:4      | Reached skill level 1 in Stealth
  2320 | D:3      | Reached skill level 5 in Long Blades
  2320 | D:3      | Reached XP level 7. HP: 44/60 MP: 6/6
  2832 | D:4      | Found a staircase to the Ecumenical Temple.
  2907 | Temple   | Entered the Ecumenical Temple
  3006 | Temple   | Became a worshipper of Warmaster Okawaru
  3193 | D:4      | Found a runed translucent gate.
  3194 | D:4      | Found a runed translucent gate.
  3194 | D:4      | Noticed Jabberih's ghost (amateur DsNe)
  3195 | D:4      | Identified the +2 spear "Naagy" {freeze, rElec rF+ Int+3}
  3195 | D:4      | Found a runed translucent gate.
  3201 | D:4      | Found a roughly hewn altar of Beogh.
  3251 | D:5      | Entered Level 5 of the Dungeon
  3343 | D:5      | Reached skill level 5 in Fighting
  4132 | D:6      | Reached XP level 8. HP: 65/69 MP: 7/7
  4184 | D:6      | Found a white marble altar of Elyvilon.
  4344 | D:6      | Found a glowing silver altar of Zin.
  4634 | D:7      | Reached * piety under Okawaru
  4635 | D:7      | Noticed a two-headed ogre
  4697 | D:6      | Killed a two-headed ogre
  4697 | D:6      | Reached ** piety under Okawaru
  4713 | D:7      | Found a deep blue altar of Sif Muna.
  4845 | D:7      | Reached XP level 9. HP: 53/75 MP: 5/8
  5244 | D:7      | Found a shadowy altar of Dithmenos.
  5737 | D:8      | Reached *** piety under Okawaru
  5766 | D:8      | Reached skill level 10 in Long Blades
  6113 | D:8      | Noticed a komodo dragon
  6114 | D:8      | Found a staircase to the Lair.
  6126 | D:8      | Killed a komodo dragon
  6168 | D:8      | Reached XP level 10. HP: 84/86 MP: 9/9
  6379 | D:9      | Reached **** piety under Okawaru
  6385 | D:9      | Reached skill level 1 in Invocations
  6703 | D:9      | Found the +7 great mace "Undeadhunter" {disrupt, rN+}
  6802 | D:9      | Got a warped long sword
  6803 | D:9      | Identified the +7 long sword of Bile {slice, rPois MR+
                  | Str+2} (You found it on level 9 of the Dungeon)
  6914 | D:9      | Reached ***** piety under Okawaru
  7463 | D:9      | Received a gift from Okawaru
  7912 | D:4      | Killed Jabberih's ghost
  8072 | D:10     | Entered Level 10 of the Dungeon
  8337 | D:10     | Noticed a two-headed ogre
  8344 | D:10     | Killed a two-headed ogre
  8569 | D:10     | Reached XP level 11. HP: 97/97 MP: 11/11
  8706 | D:10     | Reached skill level 10 in Shields
  8786 | D:10     | Found Unta's General Store.
  8798 | D:10     | Bought a potion of mutation for 88 gold pieces
  9209 | D:11     | Reached skill level 10 in Armour
  9210 | D:11     | Found a flagged portal.
  9228 | Bailey   | Entered a bailey
  9500 | Bailey   | Received a gift from Okawaru
  9635 | Bailey   | Noticed an orc knight
  9643 | Bailey   | Noticed an orc knight
  9686 | Bailey   | Killed an orc knight
  9917 | Bailey   | Noticed an orc knight
  9918 | Bailey   | Noticed an orc knight
  9960 | Bailey   | Killed an orc knight
  9974 | Bailey   | Killed an orc knight
 10322 | D:11     | Noticed Maurice
 10328 | D:11     | Killed Maurice
 10340 | D:11     | Noticed Erica
 10362 | D:11     | Killed Erica
 10422 | D:11     | Noticed a skeletal warrior
 10426 | D:11     | Noticed a skeletal warrior
 10433 | D:11     | Noticed a skeletal warrior
 10434 | D:11     | Noticed a skeletal warrior
 10489 | D:11     | Found a runed translucent gate.
 10489 | D:11     | Found a runed translucent gate.
 10489 | D:11     | Found a runed translucent gate.
 10491 | D:11     | Noticed barcode's ghost (journeyman NaNe)
 10512 | D:10     | Killed a skeletal warrior
 10544 | D:10     | Killed a skeletal warrior
 10544 | D:10     | Received a gift from Okawaru
 10544 | D:10     | Reached skill level 10 in Fighting
 10592 | D:10     | Killed a skeletal warrior
 10606 | D:11     | Reached XP level 12. HP: 106/106 MP: 12/12
 10735 | D:11     | Found a staircase to the Orcish Mines.
 10746 | D:11     | Reached ****** piety under Okawaru
 11436 | D:12     | Found a gate leading to a gauntlet.
 11449 | Gauntlet | Entered a Gauntlet
 11449 | Gauntlet | Found a transporter.
 11449 | Gauntlet | Found a transporter.
 11450 | Gauntlet | Noticed a death ooze
 11458 | Gauntlet | Found a transporter.
 11473 | Gauntlet | Found a transporter.
 11475 | Gauntlet | Noticed a queen ant
 11483 | Gauntlet | Found a transporter.
 11499 | Gauntlet | Found a transporter.
 11508 | Gauntlet | Found a transporter.
 11511 | Gauntlet | Found a transporter.
 11532 | Gauntlet | Found a transporter.
 11551 | Gauntlet | Found a transporter.
 11555 | Gauntlet | Found a transporter.
 11592 | Gauntlet | Found a transporter.
 11830 | Gauntlet | Received a gift from Okawaru
 12037 | Gauntlet | Got a warped bronze ring
 12039 | Gauntlet | Identified the ring of Fadiedwuonu {+Inv rF- rC+ EV+3
                  | Str+2} (You found it in a Gauntlet)
 12084 | Gauntlet | Identified the cursed +0 swamp dragon scales of the Unseen
                  | Realm {rPois Slay+2}
 12084 | Gauntlet | Noticed a minotaur
 12091 | Gauntlet | Killed a minotaur
 12194 | D:12     | Received a gift from Okawaru
 12214 | D:12     | Got a scorched lajatang {god gift}
 12513 | Lair:1   | Entered Level 1 of the Lair of Beasts
 12896 | Lair:1   | Reached XP level 13. HP: 115/115 MP: 14/14
 13392 | Lair:1   | Identified the +11 lajatang "Lorem Ipsum" {freeze, +Rage
                  | Stlth+} (Okawaru gifted it to you on level 12 of the
                  | Dungeon)
 14312 | Lair:2   | Received a gift from Okawaru
 14312 | Lair:2   | Reached skill level 5 in Dodging
 14333 | Lair:2   | Got a steaming falchion {god gift}
 14334 | Lair:2   | Identified the +4 falchion of Propriety {slice, Dex+5}
                  | (Okawaru gifted it to you on level 2 of the Lair of Beasts)
 14750 | Lair:3   | Reached skill level 15 in Long Blades
 14838 | Lair:3   | Found a staircase to the Swamp.
 15309 | Lair:3   | Noticed Urug
 15320 | Lair:3   | Killed Urug
 15632 | Lair:4   | Found a frozen archway.
 15651 | IceCv    | Entered an ice cave
 15718 | IceCv    | Received a gift from Okawaru
 15931 | Lair:4   | Found a staircase to the Snake Pit.
 16022 | Lair:4   | You fall through a shaft for 2 floors!
 16022 | Lair:6   | Entered Level 6 of the Lair of Beasts
 16085 | Lair:6   | Reached skill level 15 in Shields
 16360 | Lair:6   | Reached XP level 14. HP: 31/126 MP: 15/15
 16424 | Lair:6   | Got smoking steam dragon scales
 16900 | Lair:6   | Received a gift from Okawaru
 16953 | Lair:6   | Identified the +2 steam dragon scales of the Forgotten Mice
                  | {rPois rF- Int+4 Dex+3} (You found it on level 6 of the
                  | Lair of Beasts)
 17049 | Lair:6   | Found a staircase to the Slime Pits.
 18012 | Lair:5   | Found a runed translucent door.
 18055 | Lair:5   | Identified the Tome of Shifting Toxins
 18085 | Lair:5   | Noticed Thalamas's ghost (journeyman MiBe)
 18599 | Lair:5   | Killed Thalamas's ghost
 18805 | Lair:4   | Received a gift from Okawaru
 18831 | Lair:4   | Noticed an entropy weaver
 18836 | Lair:4   | Noticed an entropy weaver
 18850 | Lair:4   | Killed an entropy weaver
 18876 | Lair:4   | Killed an entropy weaver
 20440 | D:12     | Found the +8 frozen axe "Frostbite" {freezing cloud, *Noise
                  | +Fly rC+}
 20546 | D:13     | Noticed Azrael
 20679 | D:12     | Killed from afar by Azrael

Skill      XL: |  1  2  3  4  5  6  7  8  9 10 11 12 13 14 |
---------------+-------------------------------------------+-----
Armour         | 4 5 6 7 8 9 10 11 12 13 | 13.7
Shields        | 4 5 6 7 8 9 11 13 15 16 | 16.8
Long Blades    | 3 4 5 6 8 10 12 13 14 15 16 | 16.2
Fighting       | 4 5 6 7 9 10 12 13 | 13.3
Dodging        | 1 2 3 4 5 |  5.8
Stealth        | 1 2 |  2.2
Invocations    | 1 2 3 |  3.6
Evocations     | |  0.3

Action                   |  1- 3 |  4- 6 |  7- 9 | 10-12 | 13-15 || total
-------------------------+-------+-------+-------+-------+-------++-------
Melee: Long sword        |   102 |    91 |   284 |   726 |   829 ||  2032
       Headbutt          |    12 |    18 |    79 |   239 |   319 ||   667
       Scimitar          |       |       |       |       |    60 ||    60
Invok: Heroism           |       |       |     3 |    10 |     5 ||    18
       Finesse           |       |       |       |     2 |       ||     2
Evoke: Wand              |       |       |       |       |     6 ||     6
  Use: Scroll            |       |       |     2 |    15 |     8 ||    25
       Potion            |       |       |     1 |       |     1 ||     2
  Eat: Chunk             |     1 |     4 |    12 |    15 |    22 ||    54
       Ration            |       |       |       |     2 |     1 ||     3
Armor: Scale mail        |    47 |    25 |       |       |       ||    72
       Chain mail        |       |       |    57 |   174 |    44 ||   275
       Plate armour      |       |       |    45 |    56 |   266 ||   367
Dodge: Dodged            |    37 |    34 |    61 |   243 |   412 ||   787
Block: Shield            |    78 |    46 |   172 |   521 |    97 ||   914
       Buckler           |       |       |       |       |   349 ||   349
       Reflection        |       |       |       |       |     2 ||     2
       Rpst.: Long sword |    12 |    17 |    18 |    50 |   105 ||   202
       Scimitar          |       |       |       |       |     6 ||     6
